[Event "4NCL Div 1 2024-25"]
[Site "England"]
[Date "2025.02.15"]
[Round "5.19"]
[White "Czopor, Maciej"]
[Black "Ansell, Simon T"]
[Result "1/2-1/2"]
[Annotator "ChessBase"]
[ECO "B30"]
[WhiteElo "2383"]
[BlackElo "2323"]
[PlyCount "67"]
[EventDate "2024.11.23"]
[EventType "team-tourn"]
[EventCountry "ENG"]
[SourceTitle "playchess.com"]
[Source "ChessBase"]
[SourceQuality "1"]
[TimeControl "40/6000+30:3000+30"]

1. e4 c5 2. Nf3 Nc6 3. Bc4 e6 4. O-O a6 5. Re1 b5 6. Bf1 Bb7 7. c3 Nf6 8. a4 b4 9. d4 cxd4 10. cxd4 d5 11. e5 Nd7 12. h4 h6 13. Nbd2 Be7 14. h5 Qb6 15. Nb3 a5 16. Nh2 O-O-O 17. Be3 Kb8 18. Rc1 Ba6 19. Qg4 Rhg8 20. Bxa6 Qxa6 21. Qe2 Qxe2 22. Rxe2 Rc8 23. Rec2 Na7 24. Nxa5 Rxc2 25. Rxc2 Rc8 26. Rxc8+ Kxc8 27. Ng4 Bf8 28. Nb3 Nb6 29. Nc5 Nc4 30. Nd3 b3 31. Kf1 Nc6 32. Ke2 Kc7 33. Nc1 Nxb2 34. Nxb3 1/2-1/2

[Event "4NCL Div 1 2024-25"]
[Site "England"]
[Date "2025.02.15"]
[Round "5.20"]
[White "Bates, Richard A"]
[Black "Golding, Alex"]
[Result "0-1"]
[Annotator "ChessBase"]
[ECO "E16"]
[WhiteElo "2315"]
[BlackElo "2404"]
[PlyCount "140"]
[EventDate "2024.11.23"]
[EventType "team-tourn"]
[EventCountry "ENG"]
[SourceTitle "playchess.com"]
[Source "ChessBase"]
[SourceQuality "1"]
[TimeControl "40/6000+30:3000+30"]

1. d4 Nf6 2. Nf3 e6 3. c4 b6 4. g3 Bb7 5. Bg2 Bb4+ 6. Bd2 Bxd2+ 7. Qxd2 O-O 8. Nc3 d6 9. d5 e5 10. O-O Nbd7 11. e4 Qe7 12. Ne1 c6 13. dxc6 Bxc6 14. Nc2 Nc5 15. Rfe1 a5 16. b3 Rad8 17. f3 Ne8 18. Ne3 Ne6 19. Ncd5 Bxd5 20. Nf5 Qa7 21. cxd5 Nc5 22. Qe3 g6 23. Nh6+ Kg7 24. Rab1 Nf6 25. Rec1 Ng8 26. Nxg8 Kxg8 27. a3 a4 28. b4 Nb3 29. Rc3 Rc8 30. Bf1 Qd7 31. Bc4 Nd4 32. Rbc1 f5 33. Be2 Rxc3 34. Rxc3 f4 35. gxf4 Rxf4 36. Qf2 Qh3 37. Re3 Qc8 38. Kg2 Qc1 39. Rd3 Rf7 40. Qe3 Qxe3 41. Rxe3 Rc7 42. Bd1 b5 43. Kf2 Rc1 44. Ke1 Kg7 45. Kd2 Ra1 46. Rc3 Kf6 47. Rc7 Ra2+ 48. Kc1 Rxa3 49. Rxh7 Ra1+ 50. Kd2 Rb1 51. Rd7 Rxb4 52. Rxd6+ Ke7 53. Rxg6 Rb2+ 54. Kc1 a3 55. Ra6 b4 56. f4 Ne2+ 57. Bxe2 Rxe2 58. fxe5 a2 59. Ra7+ Kf8 60. Ra8+ Kg7 61. Ra7+ Kh6 62. Ra6+ Kh5 63. Kd1 Rxh2 64. e6 Kg6 65. d6 b3 66. e7 Kf7 67. Ra8 a1=Q+ 68. Rxa1 Rh1+ 69. Kd2 Rxa1 70. Kc3 Re1 0-1

[Event "4NCL Div 1 2024-25"]
[Site "England"]
[Date "2025.02.15"]
[Round "5.21"]
[White "Derakhshani, Borna"]
[Black "Ledger, Dave J"]
[Result "1-0"]
[Annotator "ChessBase"]
[ECO "C78"]
[WhiteElo "2355"]
[BlackElo "2191"]
[PlyCount "73"]
[EventDate "2024.11.23"]
[EventType "team-tourn"]
[EventCountry "ENG"]
[SourceTitle "playchess.com"]
[Source "ChessBase"]
[SourceQuality "1"]
[TimeControl "40/6000+30:3000+30"]

1. e4 e5 2. Nf3 Nc6 3. Bb5 a6 4. Ba4 Nf6 5. O-O b5 6. Bb3 Bc5 7. a4 Bb7 8. c3 d6 9. d4 Bb6 10. Re1 O-O 11. Bg5 h6 12. Bh4 Qe7 13. Bd5 Rab8 14. Na3 g5 15. Bg3 exd4 16. axb5 axb5 17. Bxc6 Bxc6 18. Nxd4 Bd7 19. h4 g4 20. e5 dxe5 21. Rxe5 Qd8 22. Qd2 Kg7 23. Bf4 Ng8 24. Rd5 Qc8 25. Rh5 Kg6 26. Bxh6 f6 27. Rg5+ Kxh6 28. Rxg8+ Kh7 29. Rxf8 Qxf8 30. Qd3+ f5 31. Re1 Rd8 32. Qg3 Qf6 33. Qf4 Rg8 34. Re5 c6 35. Nxf5 Bc7 36. Re7+ Qxe7 37. Qh6# 1-0

[Event "4NCL Div 1 2024-25"]
[Site "England"]
[Date "2025.02.15"]
[Round "5.22"]
[White "Duncan, Chris R"]
[Black "Balaji, Aaravamudhan"]
[Result "1/2-1/2"]
[Annotator "ChessBase"]
[ECO "E94"]
[WhiteElo "2167"]
[BlackElo "2377"]
[PlyCount "67"]
[EventDate "2024.11.23"]
[EventType "team-tourn"]
[EventCountry "ENG"]
[SourceTitle "playchess.com"]
[Source "ChessBase"]
[SourceQuality "1"]
[TimeControl "40/6000+30:3000+30"]

1. d4 Nf6 2. c4 g6 3. Nf3 Bg7 4. Nc3 O-O 5. e4 d6 6. Be2 Nbd7 7. O-O e5 8. Be3 Ng4 9. Bg5 f6 10. Bd2 Nh6 11. Be3 Nf7 12. Qc2 Kh8 13. Rad1 c6 14. b4 Qe7 15. b5 Ng5 16. Rfe1 Nxf3+ 17. Bxf3 exd4 18. Bxd4 Ne5 19. Be2 Be6 20. Bf1 Bh6 21. bxc6 bxc6 22. c5 dxc5 23. Bxe5 fxe5 24. Na4 Rad8 25. Nxc5 Bg4 26. Rxd8 Rxd8 27. Rb1 Bc8 28. Rb8 Qc7 29. Qb3 Bf8 30. Na6 Bxa6 31. Rxd8 Qxd8 32. Bxa6 Bc5 33. Qf7 Qf8 34. Qxf8+ 1/2-1/2

[Event "4NCL Div 1 2024-25"]
[Site "England"]
[Date "2025.02.15"]
[Round "5.23"]
[White "Fitzsimons, David"]
[Black "Varney, Zoe"]
[Result "1/2-1/2"]
[Annotator "ChessBase"]
[ECO "C54"]
[WhiteElo "2317"]
[BlackElo "1996"]
[PlyCount "138"]
[EventDate "2024.11.23"]
[EventType "team-tourn"]
[EventCountry "ENG"]
[SourceTitle "playchess.com"]
[Source "ChessBase"]
[SourceQuality "1"]
[TimeControl "40/6000+30:3000+30"]

1. e4 e5 2. Bc4 Nf6 3. d3 Bc5 4. Nf3 Nc6 5. c3 a6 6. b4 Ba7 7. O-O d6 8. Nbd2 O-O 9. a4 h6 10. h3 Re8 11. Re1 Be6 12. Bxe6 Rxe6 13. Qc2 Qd7 14. Rb1 Rd8 15. b5 Ne7 16. Nc4 Ng6 17. bxa6 bxa6 18. Rb7 Bc5 19. d4 exd4 20. cxd4 d5 21. dxc5 dxc4 22. Rb4 Rxe4 23. Rxe4 Nxe4 24. Rxc4 Qd1+ 25. Kh2 Qxc2 26. Rxc2 f5 27. c6 Kf7 28. Bb2 Rd5 29. Nd4 Ne7 30. Re2 Nc5 31. Ba3 Rxd4 32. Bxc5 Re4 33. Rd2 Re5 34. Ba3 Rd5 35. Re2 Nxc6 36. Rc2 Rd3 37. Bc1 Rd6 38. Bf4 Re6 39. Bxc7 g6 40. Rc5 Ke7 41. h4 Kd7 42. Bf4 Re4 43. Rd5+ Ke7 44. g3 Rxa4 45. Bxh6 Ra2 46. Be3 Ke6 47. Rd1 Ne5 48. Bc5 a5 49. Rd6+ Kf7 50. Kg2 a4 51. Bd4 Ng4 52. Rd7+ Ke6 53. Ra7 Kd5 54. Rd7+ Ke6 55. Rg7 Rd2 56. Bc5 Rc2 57. Rxg6+ Kf7 58. Rc6 a3 59. Rc7+ Kg6 60. Rc6+ Kf7 61. Rc7+ Kg6 62. Rc6+ Kh5 63. Ra6 Rxc5 64. Rxa3 Rc2 65. Rf3 Kg6 66. Rf4 Ne5 67. Rd4 Ng4 68. Rf4 Ne5 69. Rd4 Ng4 1/2-1/2

[Event "4NCL Div 1 2024-25"]
[Site "England"]
[Date "2025.02.15"]
[Round "5.24"]
[White "Nelson, Jonathan P"]
[Black "Kalaiyalahan, Akshaya"]
[Result "1-0"]
[Annotator "TA"]
[ECO "B06"]
[WhiteElo "2098"]
[BlackElo "2130"]
[PlyCount "75"]
[EventDate "2024.11.23"]
[EventType "team-tourn"]
[EventCountry "ENG"]
[SourceTitle "playchess.com"]
[Source "ChessBase"]
[SourceQuality "1"]
[TimeControl "40/6000+30:3000+30"]

1. e4 c5 2. c3 d5 3. exd5 Qxd5 4. d4 g6 5. Nf3 Bg7 6. Be3 Nh6 {[%emt 0:06:56] B06: Modern Defence.} 7. Qb3 Qxb3 8. axb3 Nf5 $146 (8... cxd4 $14 9. Bxd4 O-O) ({Predecessor:} 8... cxd4 9. Bxd4 Bxd4 10. Nxd4 O-O 11. g3 Nf5 {½-½ Hresc,V (2385)-Klinger,J (2445) Casino op 1st 1993 (3)}) 9. dxc5 $16 Nxe3 10. fxe3 Be6 (10... O-O $16) 11. Bb5+ Bd7 12. Bc4 O-O 13. O-O Nc6 14. b4 a5 15. b5 Ne5 16. Nxe5 Bxe5 17. Nd2 e6 18. Ne4 Rfc8 19. Rfd1 {[%emt 0:18:31] White is more active.} Be8 20. Ra4 $36 {[%emt 0:00:17][%mdl 2048] Black is under strong pressure.} Kg7 21. Rda1 Bd7 (21... f5 $16) 22. Rxa5 $18 Rxa5 23. Rxa5 f5 24. Nf2 {[%emt 0:08:14] and Ra7 would now be decisive} Rxc5 (24... Bb8 {was called for.} 25. b6 h5) 25. Nd3 Bxh2+ 26. Kxh2 Rxc4 {[%emt 0:00:14][%mdl 4096] Endgame KRB-KRN} 27. Ne5 $1 Rh4+ {[%emt 0:00:27] [#]} (27... Bxb5 28. Rxb5 Rc7) 28. Kg3 Re4 29. Nxd7 Rxe3+ {[%emt 0:00:09] KRN-KR} 30. Kf2 Rd3 31. Nc5 Rd2+ 32. Kf3 b6 (32... Rxb2 $142 33. Nxe6+ (33. Nxb7 Rb3 $18) 33... Kf6) 33. Ra7+ {[%emt 0:00:20] White is clearly winning.} (33. Nxe6+ Kf6 34. Ra6 Kxe6 $11) 33... Kf6 34. Nd7+ Kg5 35. c4 Rxb2 36. c5 bxc5 37. b6 (37. Nxc5 e5 38. Ne6+ (38. Rxh7 Rxb5 39. Rc7 Kh4 $14) 38... Kf6 $18) 37... e5 38. b7 {[%emt 0:00:10] Weighted Error Value: White=0.08 (flawless) /Black=0.54  Mistake:       	---       	Black=6      Inaccurate:     	---       	Black=2      OK:         	White=8     	Black=10     Best:        	White=6     	---} ({Less strong is} 38. Nxe5 Rxb6 39. Rxh7 Re6 $18) 1-0

[Event "4NCL Div 1 2024-25"]
[Site "England"]
[Date "2025.02.15"]
[Round "5.25"]
[White "Lagarde, Maxime"]
[Black "Waldhausen Gordon, Frederick"]
[Result "1-0"]
[Annotator "TA"]
[ECO "C88"]
[WhiteElo "2604"]
[BlackElo "2361"]
[PlyCount "81"]
[EventDate "2024.11.23"]
[EventType "team-tourn"]
[EventCountry "ENG"]
[SourceTitle "playchess.com"]
[Source "ChessBase"]
[SourceQuality "1"]
[TimeControl "40/6000+30:3000+30"]

1. e4 e5 2. Nf3 Nc6 3. Bb5 a6 4. Ba4 Nf6 5. O-O Be7 6. Re1 b5 7. Bb3 O-O 8. a4 Bb7 9. d3 d6 10. Nbd2 Nd7 11. c3 Nc5 {[%emt 0:00:10] C88: Closed Ruy Lopez: Anti-Marshall Systems.} 12. Bc2 Nxa4 13. Bxa4 {[%emt 0:01:48] White sacrificed a pawn} bxa4 {[%emt 0:00:21] The position is equal.} 14. Nc4 f5 15. Rxa4 {[%emt 0:04:41][%cal Ba1a4,Ba4c4,Bc4c7][%mdl 32] [#]} Bc8 16. Ne3 f4 $146 (16... fxe4 17. dxe4 Kh8 18. b4 Qe8 19. Nd2 Bh4 20. Re2 Ne7 21. Ndf1 Ng6 22. Ng3 Nf4 {0-1 Sjugirov,S (2661)-Nihal,S (2620) FIDE World Cup 2021 (2.2)}) 17. Nd5 Bf6 18. Rc4 Na5 19. Rxc7 {[%emt 0:12:15] [#]} (19. Nxf6+ {simplifies} Qxf6 20. Ra4 Nc6 21. h3) 19... Be6 20. Qa4 Bxd5 21. Qxa5 Bf7 22. b4 Qe8 23. Qb6 $1 $36 {[%emt 0:01:44][%mdl 2048] White has good play.} Bd8 {[%emt 0:00:46] and ...Qe6 would now be decisive} 24. Qxd6 Bxc7 25. Qxc7 Rc8 26. Qxe5 (26. Qa5 {is more complex.} Rxc3 27. Nxe5 Bb3 28. d4) 26... Qxe5 27. Nxe5 Rxc3 28. Bxf4 Re8 ({Black should play} 28... Rb3 $14) 29. f3 Rb3 30. Ra1 Rxb4 (30... Re6 $142) 31. Rxa6 $16 g5 32. Bg3 ({Stronger than} 32. Bxg5 Rxe5 33. h4 Re6 $17) 32... Rb2 33. Ng4 Rc8 {[%emt 0:08:03] ( -> ...Rc1+)} 34. h4 gxh4 35. Bxh4 ({But not} 35. Nh6+ $6 Kf8 36. Be5 (36. Bxh4 Rcc2 $14) 36... Rb1+ 37. Kh2 Bg6 $16) 35... Rd2 $2 (35... Ra2 $16) 36. Ra7 $18 {[%emt 0:03:50] and Nh6+ would now be decisive} Bg6 (36... Rc6 $142 37. Ne5 Be8) 37. Bg5 {[%emt 0:00:44] White is clearly winning.} Rd1+ (37... Rdc2 $142 38. Nf6+ Kh8) 38. Kh2 {[%emt 0:00:11] White threatens Nf6+ and mate.} Rc6 39. Ra8+ Kg7 40. Bh6+ Kf7 41. Ne5+ {[%emt 0:50:05] Weighted Error Value: White=0.04 (flawless) /Black=0.43  Mistake:       	---       	Black=5      OK:         	White=9     	Black=10     Best:        	White=3     	Black=3      Strong:       	White=1     	---} 1-0

[Event "4NCL Div 1 2024-25"]
[Site "England"]
[Date "2025.02.15"]
[Round "5.26"]
[White "Gourlay, Iain"]
[Black "Fodor, Tamas Jr."]
[Result "1/2-1/2"]
[Annotator "TA"]
[ECO "A27"]
[WhiteElo "2303"]
[BlackElo "2509"]
[PlyCount "92"]
[EventDate "2024.11.23"]
[EventType "team-tourn"]
[EventCountry "ENG"]
[SourceTitle "playchess.com"]
[Source "ChessBase"]
[SourceQuality "1"]
[TimeControl "40/6000+30:3000+30"]

1. c4 e5 2. g3 g6 3. d4 Nc6 4. Nf3 exd4 5. Nxd4 Bg7 6. Nxc6 bxc6 7. Bg2 Ne7 8. Nc3 O-O 9. O-O Rb8 {[%emt 0:00:05] seems to push 9...d6 aside.} 10. Qc2 Nf5 {[%emt 0:06:55] A27: English Opening: Three Knights Variation.} 11. e3 {[%emt 0:03:38] Wards off Nd4} h5 $146 (11... Ba6 12. b3 d5 13. Rd1 Qf6 14. Bb2 dxc4 15. Na4 Qe7 16. Bxg7 Nxg7 17. Bxc6 cxb3 18. axb3 {1-0 Kovacevic,A (2598)-Marinkovic,S (2418) MNT CupT Tivat 2011 (4)}) 12. b3 d5 (12... Bb7 $14) 13. cxd5 (13. Ba3) 13... cxd5 $16 14. Rd1 d4 {[%emt 0:03:47][%csl Oa7,Oc7] [#] Black has weak pawns} 15. Bb2 (15. Ba3 $1 $16) 15... Ba6 (15... Qe8 $1 $11 {remains equal.} 16. Ne4 dxe3) 16. Nd5 c6 17. Qxc6 {[%emt 0:05:55] White is more active.} ({Better is} 17. Nf4 $16) 17... Bb7 $11 18. Qa4 Rc8 19. e4 Bxd5 20. exf5 (20. exd5 $11 Rc2 21. Ba3) 20... Bxg2 $17 21. Kxg2 Qd5+ $1 (21... gxf5 22. Bxd4 Qd5+ 23. Kg1 $16) 22. Kg1 h4 (22... gxf5 23. Bxd4 Qe4 24. Qxa7 $11) (22... Rfd8 $17 {aiming for ...Rc2.} 23. fxg6 (23. Qxa7 $2 {too greedy.} Rc2 $19) 23... Rc2 (23... fxg6 24. Qa6 $14)) 23. Rxd4 $1 $15 Bxd4 24. Qxd4 Qxd4 ({Weaker is} 24... Qxf5 25. Qh8#) 25. Bxd4 {[%emt 0:00:07][%mdl 4096] Endgame KRR-KRB} h3 26. fxg6 Rfd8 27. gxf7+ Kxf7 28. Bxa7 Ra8 29. Be3 {[%emt 0:01:01] [#] Threatens to win with Kf1.} (29. Bc5 $5) 29... Rxa2 $1 30. Rf1 (30. Rc1 Rb8) 30... Rb8 31. Re1 Rxb3 32. Kf1 Rbb2 {[%emt 0:03:11][%mdl 1024] Black has compensation.} 33. Rc1 Ke6 34. Rc6+ Kd5 (34... Kd7 $5 35. Rc1 $8 Kd6 $11) 35. Rc5+ Kd6 36. Rc1 {[%emt 0:00:11] Repels Ra1} Rb3 37. g4 Rab2 38. g5 {[%emt 0:00:18] The position is equal.} Rb1 39. Rxb1 Rxb1+ $11 {[%emt 0:00:04] KR-KB} 40. Ke2 Ke6 41. Kf3 Rg1 42. Bf4 Kf5 43. Be3 Rg4 44. Bd2 Rg2 45. Bf4 Rg1 46. Be3 Rg2 {[%emt 0:00:00] Weighted Error Value: White=0.14 (very precise) /Black=0.12 (very precise)   Mistake:       	White=4     	Black=3      Inaccurate:     	White=1     	Black=3      OK:         	White=14    	Black=9      Best:        	White=3     	Black=4      Strong:       	White=1     	Black=1      Brilliant:      	---       	Black=1} 1/2-1/2

[Event "4NCL Div 1 2024-25"]
[Site "England"]
[Date "2025.02.15"]
[Round "5.27"]
[White "Kirk, Ezra"]
[Black "Olson, Hamish"]
[Result "1/2-1/2"]
[Annotator "ChessBase"]
[ECO "C77"]
[WhiteElo "2386"]
[BlackElo "2374"]
[PlyCount "89"]
[EventDate "2024.11.23"]
[EventType "team-tourn"]
[EventCountry "ENG"]
[SourceTitle "playchess.com"]
[Source "ChessBase"]
[SourceQuality "1"]
[TimeControl "40/6000+30:3000+30"]

1. e4 e5 2. Nf3 Nc6 3. Bb5 a6 4. Ba4 Nf6 5. Nc3 d6 6. d4 b5 7. dxe5 dxe5 8. Qxd8+ Nxd8 9. Bb3 Bd6 10. Bg5 c6 11. a4 Rb8 12. axb5 axb5 13. O-O Ne6 14. Rfd1 Bc7 15. Bxe6 Bxe6 16. Bxf6 gxf6 17. Nh4 Rd8 18. Nf5 Rxd1+ 19. Rxd1 Rg8 20. Ra1 Kd7 21. Rd1+ Ke8 22. Ne2 Bxf5 23. exf5 Ke7 24. Ng3 Ra8 25. Ne4 Ra2 26. Rb1 Bb6 27. Kf1 Bd4 28. c3 Bb6 29. Ke2 Ra4 30. Kd3 h5 31. h4 Ra8 32. f3 c5 33. Kc2 c4 34. Rd1 b4 35. cxb4 Bd4 36. Nc3 Rb8 37. Nd5+ Kd6 38. Nxf6 Rxb4 39. Rb1 Rb3 40. Nxh5 e4 41. fxe4 Ke5 42. f6 Re3 43. Rd1 Rb3 44. Rb1 Re3 45. Rd1 1/2-1/2

[Event "4NCL Div 1 2024-25"]
[Site "England"]
[Date "2025.02.15"]
[Round "5.28"]
[White "Berry, Neil"]
[Black "Pert, Richard G"]
[Result "0-1"]
[Annotator "ChessBase"]
[ECO "E11"]
[WhiteElo "2248"]
[BlackElo "2399"]
[PlyCount "80"]
[EventDate "2024.11.23"]
[EventType "team-tourn"]
[EventCountry "ENG"]
[SourceTitle "playchess.com"]
[Source "ChessBase"]
[SourceQuality "1"]
[TimeControl "40/6000+30:3000+30"]

1. d4 d5 2. c4 e6 3. Nf3 Nf6 4. g3 Bb4+ 5. Bd2 Be7 6. Bg2 O-O 7. O-O Nbd7 8. Bc3 b6 9. cxd5 exd5 10. Bd2 Bb7 11. Nc3 Re8 12. Rc1 c5 13. Bf4 Nf8 14. Qa4 Ne6 15. Rfd1 Nxf4 16. gxf4 a6 17. e3 c4 18. Qc2 b5 19. a3 Ne4 20. Nxe4 dxe4 21. Nd2 f5 22. f3 exf3 23. Nxf3 Be4 24. Qf2 Rc8 25. Ne5 Bh4 26. Qe2 Qd5 27. Kh1 Bf6 28. Rg1 Re6 29. Rce1 Bxe5 30. dxe5 Rg6 31. Ref1 Rd8 32. Bf3 Bxf3+ 33. Rxf3 Qd3 34. Rf2 Qe4+ 35. Qf3 Qxf3+ 36. Rxf3 Rd2 37. Rxg6 hxg6 38. Rg3 Rxb2 39. e4 fxe4 40. Re3 Kf7 0-1

[Event "4NCL Div 1 2024-25"]
[Site "England"]
[Date "2025.02.15"]
[Round "5.29"]
[White "Arkell, Keith C"]
[Black "Shafi, Declan"]
[Result "1/2-1/2"]
[Annotator "ChessBase"]
[ECO "A34"]
[WhiteElo "2359"]
[BlackElo "2181"]
[PlyCount "90"]
[EventDate "2024.11.23"]
[EventType "team-tourn"]
[EventCountry "ENG"]
[SourceTitle "playchess.com"]
[Source "ChessBase"]
[SourceQuality "1"]
[TimeControl "40/6000+30:3000+30"]

1. Nf3 Nf6 2. c4 c5 3. Nc3 Nc6 4. g3 e6 5. Bg2 d5 6. cxd5 Nxd5 7. O-O Be7 8. d3 O-O 9. Nxd5 exd5 10. d4 Bg4 11. dxc5 Bxc5 12. Bg5 Qd7 13. Rc1 b6 14. a3 a5 15. Rc2 Rac8 16. Rd2 d4 17. Bf4 Qe7 18. Qa4 h6 19. h4 Qf6 20. Rdd1 Rfe8 21. Rfe1 Re6 22. Qb5 Rce8 23. Bd2 Qe7 24. b4 axb4 25. axb4 Nxb4 26. Nxd4 Bxd4 27. Bxb4 Qf6 28. Bf3 Bxf3 29. exf3 Rxe1+ 30. Bxe1 Re6 31. Kg2 Bc5 32. Bb4 Bxb4 33. Qxb4 Qe7 34. Qa4 Re1 35. Qa8+ Kh7 36. Rd4 Qe2 37. Qe4+ g6 38. Qxe2 Rxe2 39. Rd7 Kg7 40. Rb7 Rb2 41. g4 Kf6 42. f4 h5 43. g5+ Ke6 44. Kg3 Rb3+ 45. f3 Rb2 1/2-1/2

[Event "4NCL Div 1 2024-25"]
[Site "England"]
[Date "2025.02.15"]
[Round "5.30"]
[White "McKay, Roderick M"]
[Black "Eggleston, David J"]
[Result "1-0"]
[Annotator "ChessBase"]
[ECO "A45"]
[WhiteElo "2177"]
[BlackElo "2339"]
[PlyCount "43"]
[EventDate "2024.11.23"]
[EventType "team-tourn"]
[EventCountry "ENG"]
[SourceTitle "playchess.com"]
[Source "ChessBase"]
[SourceQuality "1"]
[TimeControl "40/6000+30:3000+30"]

1. d4 Nf6 2. Nc3 e6 3. a3 d5 4. Bf4 Bd6 5. Bg3 O-O 6. e3 c5 7. Nf3 Nc6 8. dxc5 Bxc5 9. Bd3 Qe7 10. O-O h6 11. e4 d4 12. Na4 e5 13. Nxc5 Qxc5 14. b4 Qb6 15. b5 Na5 16. Bxe5 Rd8 17. Qd2 Nh7 18. Bxd4 Qc7 19. Be5 Qb6 20. Qc3 Bg4 21. Bc7 Qg6 22. Ne5 1-0

[Event "4NCL Div 1 2024-25"]
[Site "England"]
[Date "2025.02.15"]
[Round "5.31"]
[White "Pert, Max"]
[Black "Swanson, Stephen"]
[Result "1/2-1/2"]
[Annotator "TA"]
[ECO "B06"]
[WhiteElo "2076"]
[BlackElo "2143"]
[PlyCount "72"]
[EventDate "2024.11.23"]
[EventType "team-tourn"]
[EventCountry "ENG"]
[SourceTitle "playchess.com"]
[Source "ChessBase"]
[SourceQuality "1"]
[TimeControl "40/6000+30:3000+30"]

1. d4 g6 2. e4 Bg7 3. Nc3 d6 4. Nf3 a6 5. Be3 Nd7 6. Bd3 {[%emt 0:04:37] B06: Modern Defence.} c5 7. O-O cxd4 8. Nxd4 {[%emt 0:02:00] White is slightly better.} Ngf6 9. h3 O-O 10. a4 Ne5 $146 ({Predecessor:} 10... b6 11. f3 Bb7 12. Qd2 Qc7 13. Bh6 d5 14. Bxg7 Kxg7 15. exd5 Nxd5 16. Nxd5 Bxd5 {1-0 Chen,Y-Blach,N FIDE World Uni Rapid-A 1st 2021 (5)}) 11. f4 Nxd3 12. cxd3 Nh5 13. Qf3 e5 14. Nde2 Nxf4 15. Nxf4 exf4 16. Qxf4 Be6 17. Qg5 (17. a5 $11) 17... f5 18. Qxd8 Raxd8 19. Rae1 Bxc3 20. bxc3 {[%emt 0:00:06] The position is equal.} fxe4 {[%emt 0:00:04] Opposite bishops and equal position} 21. Rxf8+ Rxf8 $15 {[%emt 0:04:37][%mdl 4096] Endgame KRB-KRB. Black is a pawn up.} 22. Bh6 Re8 23. Rxe4 Bd7 24. Rd4 Bc6 25. Rxd6 Kf7 26. Kf2 Bxa4 27. c4 Re6 28. Rd8 Re8 29. Rd4 Re5 30. g4 Bd1 31. Be3 a5 32. Rf4+ Ke8 33. d4 Re7 34. d5 Rf7 35. c5 Rxf4+ 36. Bxf4 Bb3 {[%emt 0:01:53] Weighted Error Value: White=0.11 (very precise) /Black=0.06 (flawless)   Mistake:       	White=1     	---        Inaccurate:     	White=3     	Black=2      OK:         	White=9     	Black=15     Best:        	White=1     	Black=2} 1/2-1/2

[Event "4NCL Div 1 2024-25"]
[Site "England"]
[Date "2025.02.15"]
[Round "5.32"]
[White "Cooke, Suzie G."]
[Black "Pert, Nina"]
[Result "1-0"]
[Annotator "TA"]
[ECO "A80"]
[WhiteElo "1950"]
[BlackElo "1984"]
[PlyCount "79"]
[EventDate "2024.11.23"]
[EventType "team-tourn"]
[EventCountry "ENG"]
[SourceTitle "playchess.com"]
[Source "ChessBase"]
[SourceQuality "1"]
[TimeControl "40/6000+30:3000+30"]

1. d4 e6 2. Bf4 f5 3. e3 Nf6 4. Nf3 b6 5. h3 Bb7 6. Be2 {[%emt 0:02:48] A80: Dutch Defence: Unusual White second moves.} Be7 7. O-O O-O 8. Bh2 {[%emt 0:04:27] White has an edge.} c5 9. c4 $146 ({Predecessor:} 9. c3 Nc6 10. Nbd2 d6 11. a4 Qe8 12. Qb3 Nd5 13. Nc4 Rd8 14. a5 Qg6 15. axb6 axb6 16. Nxb6 Nxb6 17. Qxb6 {1-0 Sillye,K (2113)-Merena,L (2026) HUN-chT2 Erkel 0809 2008 (1.8)}) 9... Ne4 10. Nc3 d6 11. Nxe4 fxe4 12. Nd2 d5 (12... cxd4 $1 $11 13. exd4 d5) 13. Bg4 $16 Bc8 (13... Rf6 $142) 14. dxc5 Bxc5 15. a3 Nc6 16. b4 Be7 17. Rc1 Rf6 18. b5 Na5 {[%emt 0:00:59] [#]} 19. Be5 (19. cxd5 $1 $18 Qxd5 20. Rc7) 19... Rf8 20. Rc3 (20. Rc2 $16) 20... Bf6 21. Bxf6 Qxf6 22. Qc2 Bd7 $2 {[%emt 0:01:02][%mdl 8192] Loses the game.} (22... Nxc4 $1 $11 {and Black stays safe.} 23. Nxc4 dxc4) 23. cxd5 $18 Bxb5 $2 (23... Rac8) 24. Nxe4 Qe5 (24... Qg6 $142 25. Bxe6+ Kh8) 25. Bxe6+ Kh8 26. Rc1 h6 27. f4 Qh5 28. Nd6 Be8 29. Rc7 {[%emt 0:01:51][%cal Oc7g7,Bc3c7,Bc7a7,Ba7a8][%mdl 32] [#] Rxg7! is the strong threat.} b5 30. Nxe8 (30. Rxg7 $142 Kxg7 31. Qb2+ Kg6 32. f5+ (32. Nxb5 Bd7 $18) 32... Kh7 33. Rc7+ (33. Nxb5 Rb8 $18) (33. Nxe8 Qf7 $18) 33... Rf7 34. Nxf7 Bxf7 35. Bxf7 (35. Rxf7+ Qxf7 36. Bxf7 Rf8 37. Qf6 Rg8 38. Bg6+ Rxg6 39. fxg6+ Kg8 40. Qf7+ Kh8 41. Qh7#)) 30... Raxe8 31. Qc3 (31. Rxg7 $142 Kxg7 32. Qb2+ Kg6 33. Rc7 (33. Qxb5 Rxe6 34. Qb1+ Qf5 $16) 33... Qd1+ 34. Kh2 Rxe6 35. dxe6 (35. Qg7+ Kf5 $18)) 31... Rf6 32. Qxa5 Qe2 33. Qe1 Qb2 34. Rxa7 Rg6 35. g4 Rf6 36. Rcc7 {[%emt 0:02:31] White mates.} Rfxe6 37. dxe6 Rxe6 38. Qc1 Qf6 39. Ra8+ Kh7 40. Qc2+ {[%emt 0:00:19] Weighted Error Value: White=0.42/Black=1.28  Loses game:     	---       	Black=1      Mistake:       	White=2     	Black=4      Inaccurate:     	White=2     	Black=1      OK:         	White=9     	Black=2      Best:        	White=2     	Black=1} 1-0